 Dungeon Crawl Stone Soup version 0.29.0-4-gdea44cf6ec (webtiles) character file.

Game seed: 5057797784491292606

123 qw the Chopper (level 5, 0/30 HPs)
             Began as a Tengu Warper on Aug 28, 2022.
             Slain by Jessica
             ... wielding a +4 club
              (7 damage)
             ... on level 3 of the Dungeon.
             The game lasted 00:00:12 (2071 turns).

qw the Chopper (Tengu Warper)                       Turns: 2071, Time: 00:00:12

Health: 0/30       AC: 10    Str: 13    XL:     5   Next: 7%
Magic:  9/9        EV:  4    Int: 13    God:
Gold:   214        SH:  4    Dex: 14    Spells: 8/8 levels left

rFire   . . .      SeeInvis .   b - +0 war axe
rCold   . . .      Faith    .   h - +0 buckler
rNeg    . . .      Spirit   .   i - +0 plate armour
rPois   .          Reflect  .   (helmet restricted)
rElec   .          Harm     .   (no cloak)
rCorr   .          Rampage  .   (no gloves)
Will    .....                   (boots unavailable)
Stlth   ..........              (no amulet)
HPRegen 0.10/turn               (no ring)
MPRegen 0.11/turn               (no ring)

@: flying quickly and evasively, quick
A: beak, talons 3, nimble flight
a: no special abilities


You were on level 3 of the Dungeon.
You visited 1 branch of the dungeon, and saw 3 of its levels.

You collected 214 gold pieces.


Innate Abilities, Weirdness & Mutations

You have a beak for a mouth.
You have claws for feet.
Your magical nature lets you fly swiftly and evasively.


   Skills:
 - Level 2.0 Fighting
 + Level 5.0 Axes
 - Level 1.0 Throwing
 - Level 2.0 Armour
 - Level 2.1 Dodging
 - Level 1.0 Shields
 - Level 2.0 Spellcasting
 - Level 2.4 Translocations


You had 8 spell levels left.
You didn't know any spells.
Your spell library contained the following spells:

 Spells                   Type           Power      Damage    Failure   Level
 Blink                    Tloc           14%        N/A       100%        2
 Gell's Gravitas          Tloc           7%         N/A       100%        3
 Lesser Beckoning         Tloc           7%         N/A       100%        3
 Teleport Other           Tloc           7%         N/A       100%        3
 Manifold Assault         Tloc           7%         N/A       100%        5

Inventory:

Hand Weapons
 b - a +0 war axe (weapon)
 e - a +0 mace
Missiles
 c - 5 boomerangs (quivered)
Armour
 h - a +0 buckler (worn)
 i - a +0 plate armour (worn)
Scrolls
 j - a scroll of identify {unknown}
 k - a scroll of brand weapon {unknown}
Potions
 a - a potion of might {unknown}
 d - a potion of attraction {unknown}
 f - a potion of cancellation {unknown}
 g - a potion of curing {unknown}

Dungeon Overview and Level Annotations

Branches:
Dungeon (3/15)

Altars:

Annotations:
D:3 Jessica


Message History

Your kick misses the orc wizard.
You peck the orc wizard, but do no damage.
The orc wizard is severely wounded.
Jessica gestures wildly while chanting.
Jessica blinks!
The orc wizard points at you and mumbles some strange words.
The puff of flame hits you. You block the orc wizard's attack.
You barely miss the orc wizard. Your kick misses the orc wizard.
The orc wizard is severely wounded.
Jessica mumbles some strange words.
Jessica blinks!
The orc wizard hits you but does no damage.
You barely miss the orc wizard. You claw the orc wizard.
The orc wizard is almost dead.
The orc wizard gestures at you while chanting.
The puff of flame hits you.
You hit the orc wizard.
You kill the orc wizard!
An orc wizard comes into view. It is wielding a +0 dagger.
Your Axes skill increases to level 5!
You have reached level 5!
Your magical nature develops, letting you fly swiftly and evasively.
You closely miss the giant cockroach.
The orc wizard shouts!
The giant cockroach bites you but does no damage.
The orc wizard mumbles some strange words.
The orc wizard flickers and vanishes!
Deactivating autopickup; reactivate with Ctrl-A.
The giant cockroach bites you but does no damage.
You slash the giant cockroach!
You kill the giant cockroach!
You hit the orc. Your kick misses the orc.
The orc is heavily wounded.
The orc hits you with a +0 dagger. You block the orc's attack.
You barely miss the orc. You claw the orc.
You kill the orc!
Jessica hits you with a +4 club.
You closely miss Jessica. You claw Jessica.
Jessica is moderately wounded.
Jessica hits you with a +4 club!
You die...

....##.# # ...###.#
...... # ..## #.# .....
### ##.# .?$. ##..# ...
#...### $. #.#...####
{# ####.###....#####@#
.......####.....@.#
.........###....%.####
..#...##...>...........
.###..##......####.....
## ##..#.###### ..### +
#...# ...# ##..##...
#.# + ##......# .. ##
##..######


You could see Jessica (fast).

Vanquished Creatures
  An orc wizard (D:3)
  4 adders
  A worm (D:2)
  2 dart slugs
  2 orcs (D:3)
  4 ball pythons
  3 endoplasms
  5 giant cockroaches
  4 hobgoblins
  2 jackals (D:1)
  5 kobolds
  2 quokkas
  8 bats
  2 frilled lizards (D:2)
  8 rats
53 creatures vanquished.

Notes
Turn   | Place    | Note
-------+----------+-------------------------------------------
     0 | D:1      | qw the Tengu Warper began the quest for the Orb.
     0 | D:1      | Reached XP level 1. HP: 12/12 MP: 4/4
     0 | D:1      | 0 ||| qw: Version: 0.1-a-89-g26bdef1
     0 | D:1      | 0 ||| qw: Game counter: 29
     0 | D:1      | 0 ||| qw: Always use a shield: true
     0 | D:1      | 0 ||| qw: God list: Okawaru
     0 | D:1      | 0 ||| qw: Allow faded altars: false
     0 | D:1      | 0 ||| qw: Do Orc after D:15 true
     0 | D:1      | 0 ||| qw: Do second Lair branch before Depths: true
     0 | D:1      | 0 ||| qw: Lair rune preference: random
     0 | D:1      | 0 ||| qw: Plans: Normal
     0 | D:1      | 0 ||| PLANNING D:1-11
   189 | D:1      | Reached skill level 3 in Axes
   189 | D:1      | Reached XP level 2. HP: 17/17 MP: 6/6
   554 | D:1      | Found a faded altar of an unknown god.
   566 | D:1      | 566 ||| Stepping ~*~*~tactically~*~*~ (stealth).
   567 | D:1      | 567 ||| Stepping ~*~*~tactically~*~*~ (stealth).
   643 | D:1      | 643 ||| Stepping ~*~*~tactically~*~*~ (hiding).
   745 | D:1      | 745 ||| Stepping ~*~*~tactically~*~*~ (hiding).
   748 | D:1      | 748 ||| Stepping ~*~*~tactically~*~*~ (hiding).
   757 | D:1      | Reached XP level 3. HP: 19/21 MP: 7/7
   957 | D:1      | 957 ||| UPGRADING to +0 chain mail.
   967 | D:1      | 967 ||| DROPPING +0 leather armour.
   968 | D:1      | 968 ||| DROPPING +3 ring mail.
   969 | D:1      | 969 ||| READING scroll labelled KOUCWA KETOA.
   970 | D:1      | 970 ||| READING scroll labelled OPIZOR FISEO.
   974 | D:1      | 974 ||| DRINKING 2 dark potions.
  1075 | D:1      | 1075 ||| DROPPING scroll of blinking.
  1076 | D:1      | 1076 ||| DROPPING potion of ambrosia.
  1150 | D:2      | Reached skill level 4 in Axes
  1260 | D:2      | 1260 ||| SWAPPING to +0 war axe.
  1270 | D:2      | 1270 ||| DROPPING +0 hand axe.
  1700 | D:2      | 1700 ||| UPGRADING to +0 buckler.
  1705 | D:2      | 1705 ||| UPGRADING to +0 plate armour.
  1715 | D:2      | 1715 ||| DROPPING +0 chain mail.
  1769 | D:3      | Reached XP level 4. HP: 26/26 MP: 8/8
  1770 | D:3      | Reached skill level 1 in Shields
  1916 | D:3      | 1916 ||| FLEEEEING.
  2040 | D:3      | 2040 ||| Stepping ~*~*~tactically~*~*~ (stealth).
  2044 | D:3      | Noticed Jessica
  2045 | D:3      | 2045 ||| Stepping ~*~*~tactically~*~*~ (stealth).
  2047 | D:3      | 2047 ||| Stepping ~*~*~tactically~*~*~ (hiding).
  2067 | D:3      | Reached skill level 5 in Axes
  2067 | D:3      | Gained mutation: Your magical nature lets you fly swiftly
                  | and evasively. [Tengu growth]
  2067 | D:3      | Reached XP level 5. HP: 8/30 MP: 9/9
  2070 | D:3      | HP: 7/30 [Jessica/+4 club (1)]
  2071 | D:3      | Slain by Jessica

Levels and vault maps discovered:
D:1:      amcnicky_arrival_wind_blow, layout_loops_ring,
          hellmonk_ecumenical_altar_run_dry
D:2:      layout_rooms
D:3:      layout_rooms, nemelex_diamond_rough_becter, uniq_jessica

Skill      XL: |  1  2  3  4 |
---------------+-------------+-----
Axes           | 3 4 5 |  5.0
Shields        | 1 |  1.0
Armour         | 2 |  2.0
Fighting       | |  2.0
Throwing       | |  1.0
Dodging        | |  2.1
Spellcasting   | |  2.0
Translocations | |  2.4

Action                   |  1- 3 |  4- 6 || total
-------------------------+-------+-------++-------
Melee: Hand axe          |    53 |       ||    53
       Kick              |    18 |     8 ||    26
       Peck              |    11 |     4 ||    15
       Punch             |     1 |       ||     1
       War axe           |    19 |    30 ||    49
Throw: Boomerang         |    16 |    15 ||    31
  Use: Scroll            |     2 |       ||     2
       Potion            |     1 |       ||     1
Armor: Leather armour    |    11 |       ||    11
       Chain mail        |    12 |       ||    12
       Plate armour      |     5 |    16 ||    21
Dodge: Dodged            |    32 |     3 ||    35
Block: Buckler           |     1 |     3 ||     4

Table legend:
 A = Non-vault XP
 B = Vault XP
 C = Vault XP percentage of total XP
 D = Non-vault monster count
 E = Vault monster count
 F = Vault count percentage of total count
                 A         B        C        D         E       F
            +---------+---------+-------+---------+---------+-------
      Total |     177 |       0 |   0.0 |      53 |       0 |   0.0
            +---------+---------+-------+---------+---------+-------
        D:1 |      41 |       0 |   0.0 |      25 |       0 |   0.0
        D:2 |      38 |       0 |   0.0 |      13 |       0 |   0.0
        D:3 |      98 |       0 |   0.0 |      15 |       0 |   0.0
            +---------+---------+-------+---------+---------+-------
